cohdb
Replays
Latest Replays
All Replays
Popular Replays
Top Player Replays
Match Explorer
How It Works
Community
CoH3 Stats
Reddit
Sign in to upload your games and track your stats! →
Sign in with Steam
Match 44234794
Unlisted
Match 44234794
Overview
Messages
Build Orders
End
Panzergrenadier Squad
Selects Battlefield Espionage Battlegroup
Panzergrenadier Squad
Panzergrenadier Squad
Construct Light Support Kompanie
Selects Intel Disruption Beacon
Panzerjäger Squad
Fire Support Elements
2.5-tonne Medical Truck
Veteran Squad Leaders
Flakvierling Half-track
Forward Retreat Point
Construct Panzerarmee Kommand
Vehicle Survival Package
Pak 38 Mechanized Group
Selects Transfer Depots
Selects Firestorm
Firestorm
Walking Stuka Rocket Launcher
Firestorm
Pak 38 Mechanized Group
Selects 250/3 Funkpanzerwagen
Selects Anti-Tank Incendiary Munitions
Armored Reserves
Firestorm
Panzer IV Assault Group
Firestorm
UH|dun! ツ
iceman
Juzzle
Captain Munumon
Top Lobster
Dr.Stein
Ryan
自殺大雞巴
0
0
Comments
sign in to comment!
No comments posted yet!